 Dungeon Crawl Stone Soup version 0.30-a0-965-g42e074c17a (webtiles) character file.

Game seed: 14059659750237656606

524 Twinkles the Sneak (level 7, 0/36 HPs)
             Began as a Vine Stalker Brigand on Mar 30, 2023.
             Was an Initiate of Gozag.
             Slain by an orc warrior
             ... wielding a +0 war axe
              (5 damage)
             ... on level 6 of the Dungeon.
             The game lasted 00:13:33 (3698 turns).

Twinkles the Sneak (Vine Stalker Brigand)           Turns: 3698, Time: 00:13:34

Health: 0/36       AC:  7    Str: 16    XL:     7   Next: 22%
Magic:  0/8        EV: 11    Int: 11    God:    Gozag
Gold:   238        SH:  4    Dex: 15    Spells: 6/6 levels left

rFire   . . .      SeeInvis .    a - +2 dagger
rCold   . . .      Faith    .    p - +0 buckler
rNeg    . . .      Spirit   +    h - +0 ring mail
rPois   .          Reflect  .    i - +0 helmet
rElec   .          Rampage  .    c - +0 cloak
rCorr   +                        (no gloves)
Will    .....                    (no boots)
Stlth   ++                       (no amulet)
HPRegen 1.06/turn                o - ring of resist corrosion
MPRegen 0.11/turn                (no ring)

@: gold aura
A: fangs 2, regeneration 1, magic shield, antimagic bite, no potion heal 2
a: Renounce Religion, Potion Petition, Call Merchant, Bribe Branch


You were on level 6 of the Dungeon.
You worshipped Gozag.
Gozag was aware of your devotion.
You visited 1 branch of the dungeon, and saw 6 of its levels.

You collected 296 gold pieces.
You paid 58 gold pieces to Gozag.

Inventory:

Hand Weapons
 a - a +2 dagger (weapon)
Missiles
 d - 15 poisoned darts
 e - 2 curare-tipped darts (quivered)
 q - a throwing net
Armour
 b - a +0 robe
 c - a +0 cloak (worn)
 h - a +0 ring mail (worn)
 i - a +0 helmet (worn)
 p - a +0 buckler (worn)
Jewellery
 o - a ring of resist corrosion (left hand)
Scrolls
 j - a scroll of silence {unknown}
 k - a scroll of torment {unknown}
 m - a scroll of immolation {unknown}
 n - a scroll of poison
 s - a scroll of vulnerability {unknown}
 t - a scroll of noise {unknown}
 Y - 5 scrolls of teleportation
Potions
 f - a potion of flight {unknown}
 g - 2 potions of magic {unknown}
 l - 2 potions of might {unknown}
 r - a potion of heal wounds {unknown}
 B - a potion of brilliance
 J - 2 potions of curing
 P - 2 potions of lignification


   Skills:
 + Level 3.3 Fighting
 * Level 4.1 Short Blades
 - Level 1.7 Throwing
 + Level 2.3 Armour
 + Level 2.5 Dodging
 - Level 5.1 Stealth
 + Level 1.9 Shields


You had 6 spell levels left.
You didn't know any spells.
Your spell library contained the following spells:

 Spells                   Type           Power      Damage    Failure   Level
 Dazzling Flash           Conj/Hex       0%         N/A       95%         3
 Iskenderun's Mystic Bla  Conj/Tloc      0%         2d3       100%        4
 Starburst                Conj/Fire      0%         6d3       100%        6


Dungeon Overview and Level Annotations

Branches:
Dungeon (6/15) Zot: 26979
 Temple: D:4-7

Altars:
Fedhas
Gozag
Hepliaklqana
Sif Muna
Trog
Uskayaw
Xom

Annotations:
D:4 Sigmund


Innate Abilities, Weirdness & Mutations

You have extremely sharp teeth.
Your natural rate of healing is unusually fast.
When hurt, damage is shared between your health and your magic reserves.
Your bite disrupts and absorbs the magic of your enemies.
Potions cannot restore your health.


Message History

The orc wizard falters for a moment.
You hit the orc wizard.
You kill the orc wizard!
You hit the orc warrior but do no damage.
You bite the orc warrior, but do no damage.
The orc warrior hits you with a +0 war axe!
You barely miss the orc warrior. You bite the orc warrior. You drain its power.
You feel invigorated.
The orc warrior is lightly wounded.
You hit the orc warrior.
The orc warrior is moderately wounded.
The orc warrior hits you with a +0 war axe!
You barely miss the orc warrior. Your bite misses the orc warrior.
The orc warrior is moderately wounded.
The orc warrior hits you but does no damage.
You hit the orc warrior. Your bite misses the orc warrior.
The orc warrior is heavily wounded.
The orc warrior misses you.
You hit the orc warrior. Your bite misses the orc warrior.
The orc warrior is heavily wounded.
The orc warrior hits you with a +0 war axe.
You hit the orc warrior but do no damage.
The orc warrior is heavily wounded.
The orc warrior hits you with a +0 war axe.
You hit the orc warrior but do no damage.
The orc warrior is heavily wounded.
The orc warrior hits you with a +0 war axe!
* * * LOW HITPOINT WARNING * * *
Throw: 3 darts (curare)
Press: ? - help, Q - select action, (/) - cycle Shift-Dir - straight line, f - orc warrior
Aim: an orc warrior, wielding a +0 war axe and wearing a +0 plate armour (heavily wounded, 59% to hit)
You throw a curare-tipped dart.
The curare-tipped dart barely misses the orc warrior.
The curare-tipped dart hits the orc.
The orc is poisoned.
The orc convulses.
The orc seems to slow down.
The orc is severely wounded.
You kill the orc!
The orc warrior hits you with a +0 war axe.
You die...
Your body crumbles into a pile of gold.

....# # ....
....##......
..... ...
.......
#..#.####
#.$o.o..#
#$# #o#
###@# #<..#
#####


You could see an orc warrior and an orc.

Vanquished Creatures
  A scorpion (D:4)
  3 hounds (D:5)
  2 jellies
  A sleepcap (D:5)
  An iguana (D:5)
  3 orc wizards
  7 gnolls
  5 adders
  2 dart slugs (D:4)
  3 orcs
  5 endoplasms
  5 giant cockroaches
  5 goblins
  6 hobgoblins
  6 jackals (D:2)
  8 kobolds
  A quokka (D:1)
  2 ball pythons (D:2)
  5 bats
  5 frilled lizards
  7 rats
83 creatures vanquished.

Notes
Turn   | Place    | Note
-------+----------+-------------------------------------------
     0 | D:1      | Twinkles the Vine Stalker Brigand began the quest for the
                  | Orb.
     0 | D:1      | Reached XP level 1. HP: 11/11 MP: 2/2
   106 | D:1      | Reached skill level 1 in Dodging
   106 | D:1      | Reached XP level 2. HP: 15/15 MP: 3/3
   134 | D:1      | Reached skill level 5 in Stealth
   233 | D:1      | Reached XP level 3. HP: 18/18 MP: 4/4
   931 | D:2      | Reached skill level 1 in Armour
  1206 | D:2      | Gained mutation: Your natural rate of healing is unusually
                  | fast. [Vine Stalker growth]
  1206 | D:2      | Reached XP level 4. HP: 21/23 MP: 5/5
  1611 | D:3      | Reached XP level 5. HP: 25/27 MP: 4/6
  2246 | D:4      | Reached skill level 1 in Shields
  2251 | D:4      | Reached XP level 6. HP: 26/32 MP: 5/7
  2294 | D:4      | Found a blossoming altar of Fedhas.
  2592 | D:4      | Noticed Sigmund
  2670 | D:4      | Found an opulent altar of Gozag.
  2838 | D:4      | Upgraded the game from 0.30-a0-956-gcec3b41aec to
                  | 0.30-a0-964-gd452b5e7fa
  2838 | D:4      | Upgraded the game from 0.30-a0-964-gd452b5e7fa to
                  | 0.30-a0-965-g42e074c17a
  2838 | D:4      | Became a worshipper of Gozag Ym Sagoz the Greedy
  2878 | D:5      | Entered Level 5 of the Dungeon
  3269 | D:5      | Found a shimmering altar of Xom.
  3272 | D:5      | Found a hide-covered altar of Uskayaw.
  3272 | D:5      | Found a shimmering altar of Xom.
  3274 | D:5      | Found a bloodstained altar of Trog.
  3274 | D:5      | Found a shimmering blue altar of Sif Muna.
  3274 | D:5      | Found a hazy altar of Hepliaklqana.
  3328 | D:5      | Reached XP level 7. HP: 36/36 MP: 8/8
  3696 | D:6      | HP: 3/36 [orc warrior/+0 war axe (12)]
  3698 | D:6      | Slain by an orc warrior

Illustrated notes

Levels and vault maps discovered:
D:1:      nicolae_arrival_somewhat_less_tricky_arrival, layout_basic,
          chequers_serial_rivers_micro_c
D:2:      layout_basic
D:3:      layout_loops_ring, minmay_stone_trees_small, minmay_ruptured
D:4:      layout_basic, lemuel_doored_altar, amcnicky_altar_gilded,
          minmay_crystal_water, hangedman_feature_mirror, uniq_sigmund
D:5:      layout_basic, doesnt_xom_only_xom
D:6:      layout_basic, mainiacjoe_overflow_alcove_2,
          gammafunk_ghost_abyssal_escape, uniq_blork_the_orc

Skill      XL: |  1  2  3  4  5  6  7 |
---------------+----------------------+-----
Dodging        | 1 2 |  2.5
Stealth        | 5 |  5.1
Fighting       | 2 3 |  3.3
Short Blades   | 2 3 4 |  4.1
Armour         | 1 2 |  2.3
Shields        | 1 |  1.9
Throwing       | |  1.7

Action                     |  1- 3 |  4- 6 |  7- 9 || total
---------------------------+-------+-------+-------++-------
  Melee: Dagger            |   103 |   148 |    42 ||   293
         Bite              |    28 |    39 |    10 ||    77
         Punch             |     1 |       |       ||     1
  Throw: Dart              |       |     3 |     1 ||     4
    Use: Scroll            |       |     5 |       ||     5
   Stab: Sleeping          |     9 |    10 |       ||    19
 Armour: Robe              |    11 |       |       ||    11
         Ring mail         |    30 |    36 |    17 ||    83
  Dodge: Dodged            |    65 |    55 |     5 ||   125
  Block: Buckler           |       |    21 |     1 ||    22

Table legend: (Time is in decaauts)
 A = Elapsed time spent in this place.
 B = Non-inter-level travel time spent in this place.
 C = Inter-level travel time spent in this place.
 D = Time resting spent in this place.
 E = Time spent auto-exploring this place.
 F = Levels seen in this place.
 G = Mean time per level.
                   A        B        C        D        E       F      G
               +--------+--------+--------+--------+--------+-----+--------+
         Total |   3671 |   3321 |    350 |    117 |   2344 |   6 |  611.8 |
       Dungeon |   3671 |   3321 |    350 |    117 |   2344 |   6 |  611.8 |
               +--------+--------+--------+--------+--------+-----+--------+

Top non-repeatable levels by time:
     D:4: 955 daAuts
     D:1: 767 daAuts
     D:3: 732 daAuts
     D:5: 635 daAuts
     D:2: 561 daAuts
     D:6: 19 daAuts
